Map: Simulacrum LE

Players

Sniperwolfe - Winner!

  • Race: Zerg Zerg
  • Spawn Location: 11:00

A.I. 1 (Easy)

  • Race: Protoss Protoss
  • Spawn Location: 5:00

VOD

Have the link to the VOD?

Description

Time

  • Played on: Jan. 18, 2020, 12:54 p.m.
  • Length: 11:22
Show
View Real Time Build Order
Export as new Build Order

Sniperwolfe Zerg - Winner!

Build Orders: Hatch First 

Get SALT Encoding   

  12  0:01  Drone  
  13  0:12  Overlord  
  13  0:17  Drone  
  14  0:31  Drone x2  
  14  0:35  Drone  
  17  0:54  Hatchery  
  16  0:58  Drone  
  16  1:02  Drone  
  18  1:07  Drone  
  19  1:13  Extractor  
  18  1:21  Spawning Pool  
  18  1:24  Drone  
  18  1:28  Drone  
  19  1:39  Drone  
  20  1:55  Overlord  
  20  2:08  Queen x2  
  20  2:10  Zergling x2  
  20  2:11  Zergling x2  
  20  2:15  Drone  
  27  2:18  Drone  
  28  2:24  Drone  
  28  2:27  Drone  
  30  2:33  Drone  
  31  2:45  Hatchery, Overlord  
  31  2:50  Overlord  
  30  2:58  Queen  
  32  3:03  Drone x2  
  32  3:05  Drone  
  35  3:10  Metabolic Boost  
  35  3:17  Zergling x4  
  35  3:18  Zergling x2  
  38  3:21  Drone  
  38  3:26  Drone  
  40  3:30  Drone x2  
  40  3:33  Drone x2  
  44  3:43  Drone x3  
  44  3:44  Drone  
  44  3:47  Drone  
  49  3:51  Drone  
  49  3:53  Lair  
  50  3:56  Drone  
  50  4:01  Baneling Nest  
  50  4:02  Overlord  
  50  4:05  Overlord  
  50  4:08  Drone  
  50  4:09  Drone  
  52  4:11  Drone  
  52  4:12  Drone  
  52  4:13  Drone  
  55  4:18  Queen  
  57  4:25  Zergling x6  
  57  4:28  Drone x2  
  57  4:29  Drone  
  63  4:35  Drone x3  
  66  4:49  Overlord x3  
  66  4:52  Drone  
  67  4:53  Drone x7  
  74  5:07  Queen  
  76  5:20  Extractor  
  75  5:23  Extractor  
  75  5:24  Extractor  
  75  5:25  Spore Crawler, Extractor  
  75  5:26  Spore Crawler  
  75  5:27  Extractor  
  69  5:28  Spore Crawler  
  68  5:42  Queen  
  68  5:44  Drone x10  
  68  5:45  Drone x5  
  85  5:54  Hydralisk Den  
  84  6:06  Zergling x8  
  84  6:10  Overlord x3  
  85  6:30  Hydralisk x9  
  103  6:46  Hatchery, Overlord  
  102  6:48  Hatchery  
  102  6:50  Overlord x3  
  101  6:54  Zergling x2  
  101  6:55  Zergling x4  
  104  7:03  Drone  
  104  7:07  Drone x2  
  107  7:09  Queen  
  109  7:18  Zergling x2  
  109  7:19  Zergling x12, Evolution Chamber  
  109  7:22  Evolution Chamber  
  114  7:27  Overseer  
  114  7:31  Zergling x12  
  121  7:44  Zergling x6  
  123  8:01  Hydralisk  
  123  8:02  Hydralisk  
  123  8:03  Hydralisk x10  
  147  8:10  Overlord x3  
  147  8:11  Overlord x2  
  147  8:13  Hydralisk x2  
  147  8:18  Baneling x16  
  147  8:19  Baneling x13  
  151  8:27  Centrifical Hooks  
  151  8:30  Grooved Spines  
  151  8:33  Zerg Missile Weapons Level 1  
  151  8:37  Zergling x2  
  151  8:38  Zergling x8  
  156  8:43  Hydralisk  
  156  8:44  Hydralisk  
  160  9:00  Hydralisk x5  
  160  9:01  Hydralisk x2  
  165  9:20  Zergling x2  
  165  9:21  Zergling x26  
  173  9:37  Hydralisk x6  
  185  9:41  Muscular Augments  
  185  9:50  Queen  
  182  10:16  Baneling x12  
  182  10:17  Baneling x28  
  182  10:18  Baneling x7  
  174  10:48  Zergling x30  
  174  10:49  Zergling x18  
Show
View Real Time Build Order
Export as new Build Order

A.I. 1 (Easy) Protoss 

Build Orders:  

Get SALT Encoding   

  12  0:00  Probe  
  13  0:13  Probe  
  14  0:19  Pylon  
  14  0:25  Probe  
  15  0:33  Probe  
  15  0:40  Gateway  
  16  0:46  Assimilator  
  16  0:55  Pylon  
  16  1:17  Assimilator  
  16  1:25  Zealot  
  16  1:30  Cybernetics Core  
  18  1:47  Probe  
  19  1:59  Warp Gate  
  19  2:01  Probe  
  19  2:02  Pylon  
  20  2:08  Adept  
  20  2:10  Probe  
  23  2:19  Probe  
  24  2:31  Probe  
  25  2:38  Stalker  
  25  2:43  Probe  
  28  3:08  Adept  
  30  5:35  Probe  
  30  5:39  Sentry  
  30  5:42  Pylon  
  33  6:00  Probe  
  33  6:02  Zealot, Robotics Facility  
  36  6:04  Pylon  
  36  6:12  Probe  
  29  6:26  Stalker  
  31  6:50  Sentry  
  31  6:51  Observer  
  31  6:53  Nexus  
  34  7:12  Observer  
  34  7:13  Stalker  
  37  7:37  Zealot  
  39  8:00  Adept  
  42  8:05  Probe  
  42  8:06  Probe  
  43  8:15  Probe  
  43  8:16  Assimilator  
  43  8:17  Probe  
  43  8:18  Assimilator  
  45  8:25  Probe  
  45  8:29  Probe  
  45  8:33  Probe  
  47  8:34  Stalker x2  
  48  8:41  Probe  
  48  8:44  Probe  
  50  8:53  Probe  
  51  8:56  Probe  
  52  9:04  Probe  
  52  9:08  Probe, Sentry  
  48  9:12  Probe  
  33  9:20  Probe  
  33  9:21  Probe  
  33  9:23  Immortal  
  36  9:29  Probe  
  36  9:32  Probe  
  36  9:37  Probe, Zealot  
  40  9:44  Probe  
  41  9:48  Probe  
  41  9:52  Immortal  
  28  9:56  Probe  
  25  10:00  Probe  
  25  10:08  Probe  
  25  10:11  Stalker  
  28  10:21  Probe  
  28  10:29  Probe  
  28  10:31  Immortal  
  33  10:36  Pylon  
  33  10:37  Probe  
  33  10:39  Gateway  
  33  10:42  Stalker  
  32  10:47  Probe  
  26  10:53  Forge  
  26  10:55  Stargate  
  10  10:59  Probe  
  7  11:04  Pylon  
Tags
 
Matchup
PvZ
Spawn Locations
Cross Positions
Add a new tag
Caveats
  • Supply blocks, unpowered buildings, or Contaminate may cause inaccurate times.
  • Supply counts are checked every 10 seconds.